[Event "FRA-ch Teams Top 16-A 2022"]
[Site "Chartres"]
[Date "2022.06.14"]
[Round "6.18"]
[White "Korobov, Anton"]
[Black "Kamsky, Gata"]
[Result "1-0"]
[ECO "D15"]
[WhiteElo "2671"]
[BlackElo "2661"]
[Annotator "TA"]
[PlyCount "65"]
[EventDate "2022.06.09"]
[EventType "team-tourn"]
[EventCountry "FRA"]
[SourceTitle "playchess.com"]
[Source "ChessBase"]
[SourceQuality "1"]
[TimeControl "40/5400+30:1800+30"]

1. d4 d5 2. c4 c6 3. Nf3 Nf6 4. Nc3 a6 5. a4 e6 6. Bf4 {[%emt 0:00:00] D15: Slav Defence: 4 Nc3 a6 and gambit lines after 4 Nc3 dxc4.} c5 7. e3 Nc6 {[%emt 0:00:05] [#]} 8. Rc1 $146 {[%emt 0:00:00] The position is equal.} ({Predecessor:} 8. Be2 cxd4 9. exd4 Be7 10. O-O O-O 11. Ne5 dxc4 12. Nxc6 bxc6 13. Bxc4 a5 14. Re1 {½-½ (58) Indjic,A (2604)-Kobalia,M (2620) Sochi 2018}) 8... cxd4 9. exd4 Bd6 10. Bxd6 Qxd6 11. c5 $1 Qc7 12. Bd3 O-O 13. O-O e5 (13... Bd7 $11 {should be considered.}) 14. dxe5 Nxe5 15. Nxe5 Qxe5 16. h3 Bd7 17. b4 Qf4 18. Qb3 Qg5 {[%emt 0:00:00] [#] ...Bxh3 is the strong threat.} 19. f4 Qh4 (19... Qh5 $14) 20. Nxd5 $16 Rad8 {[%emt 0:04:30] Threatens to win with ...Nxd5.} 21. Ne7+ Kh8 22. Nf5 {[%emt 0:01:00] 0x0.000bd35484f1dp-1022s more active pieces.} Bxf5 23. Bxf5 Nh5 {[%emt 0:01:30] [#]} 24. Kh2 {[%emt 0:00:00] Inhibits Ng3.} Rd4 25. Qc3 Rfd8 26. Rce1 {[%emt 0:00:00][%cal Oc3d4] Hoping for Qxd4!} Rxf4 (26... Qf6 $142 27. Bg4 Nxf4) 27. Qe3 $18 {[%emt 0:00:00][%cal Oe3e8] Intending Qe8+! and mate.} g6 28. g3 {[%emt 0:00:00] Dancing on a razor blade.} Rxf1 $2 (28... Qxg3+ 29. Qxg3 Nxg3 30. Rxf4 Nxf5 31. Rxf5 Rd2+ 32. Kg1 gxf5) 29. gxh4 {[%emt 0:00:00] White is clearly winning.} Rxf5 30. Qe7 Rg8 31. Qxb7 g5 32. Rg1 Re8 33. Rxg5 {[%emt 0:00:00] Weighted Error Value: White=0.05 (flawless) /Black=0.22 (precise)} 1-0

[Event "FRA-ch Teams Top 16-A 2022"]
[Site "Chartres"]
[Date "2022.06.14"]
[Round "6.19"]
[White "Tiviakov, Sergei"]
[Black "Jones, Gawain C B"]
[Result "1/2-1/2"]
[ECO "C54"]
[WhiteElo "2567"]
[BlackElo "2669"]
[Annotator "TA"]
[PlyCount "69"]
[EventDate "2022.06.09"]
[EventType "team-tourn"]
[EventCountry "FRA"]
[SourceTitle "playchess.com"]
[Source "ChessBase"]
[SourceQuality "1"]
[TimeControl "40/5400+30:1800+30"]

1. e4 e5 2. Nf3 Nc6 3. Bc4 Nf6 4. d3 Bc5 5. c3 d6 6. Bb3 a5 {[%emt 0:00:05] C54: Giuoco Piano: 4 c3 Nf6, main lines with 5 d4 and 5 d3.} 7. a4 h6 8. O-O O-O 9. Re1 Re8 10. Nbd2 Be6 11. Bxe6 Rxe6 {[%emt 0:00:14] [#]} 12. Qb3 $146 ({Predecessor:} 12. Nc4 d5 13. exd5 Qxd5 14. Be3 e4 15. Bxc5 Qxc5 16. Nfd2 exd3 17. Rxe6 fxe6 18. Qf3 {1-0 (41) Chevallier,C-Jimenez,B Val Thorens 1994}) 12... Qd7 13. Nf1 d5 14. Ng3 Rd8 15. Bd2 b6 16. Re2 dxe4 17. dxe4 Rd6 18. Rae1 Ng4 {[%emt 0:11:12] aiming for ...Nxf2.} 19. Nf1 Nf6 20. Ng3 Rd3 21. Qc4 {[%emt 0:02:19] Prevents Nd4.} Ng4 22. Nf1 Qd6 23. Ne3 (23. Be3 $5) 23... Nxe3 (23... Bxe3 {is interesting.} 24. Bxe3 Qf6 25. h3 Nxe3 26. Rxe3 R3d6) 24. Bxe3 Bxe3 25. Rxe3 Rxe3 26. Rxe3 Ne7 27. Re2 Qd1+ 28. Re1 Qd6 29. g3 Ng6 30. Kg2 Qd7 31. h3 c6 32. Re2 {[%emt 0:04:44] Strongly threatening Rd2.} Qd1 {[%emt 0:00:26] Prevents Rd2.} 33. Re1 Qd7 34. Re2 {[%emt 0:00:57] Rd2 is the strong threat.} Qd1 {[%emt 0:00:07] Prevents Rd2.} 35. Re1 {[%emt 0:00:04] Weighted Error Value: White=0.09 (flawless) /Black=0.08 (flawless)} 1/2-1/2

[Event "FRA-ch Teams Top 16-A 2022"]
[Site "Chartres"]
[Date "2022.06.14"]
[Round "6.20"]
[White "Fedorchuk, Sergey A."]
[Black "Mamedov, Rauf"]
[Result "1/2-1/2"]
[ECO "B76"]
[WhiteElo "2606"]
[BlackElo "2656"]
[Annotator "TA"]
[PlyCount "32"]
[EventDate "2022.06.09"]
[EventType "team-tourn"]
[EventCountry "FRA"]
[SourceTitle "playchess.com"]
[Source "ChessBase"]
[SourceQuality "1"]
[TimeControl "40/5400+30:1800+30"]

1. e4 c5 2. Nf3 d6 3. d4 cxd4 4. Nxd4 Nf6 5. Nc3 g6 6. Be3 Bg7 7. f3 Nc6 8. Qd2 O-O 9. O-O-O d5 10. exd5 Nxd5 11. Nxc6 bxc6 12. Nxd5 cxd5 13. Qxd5 Qc7 14. Qc5 Qb7 {[%emt 0:00:05] [#]} 15. Qb5 $146 ({Predecessor:} 15. b3 Bf5 16. Bd3 Rac8 17. Qa5 Rc3 18. Bxf5 Rxe3 19. Be4 Qc8 20. g4 Qb8 21. Kb1 Qf4 22. Rd8 Bc3 23. Rxf8+ Kxf8 24. Qxa7 Re2 25. a3 Qxh2 26. Rd1 {½-½ (26) Kribben,M (2652)-Lecroq,M (2609) ICCF email 2011}) 15... Qc7 16. Qc5 Qb7 $1 1/2-1/2

[Event "FRA-ch Teams Top 16-A 2022"]
[Site "Chartres"]
[Date "2022.06.14"]
[Round "6.22"]
[White "Edouard, Romain"]
[Black "Maurizzi, Marc`Andria"]
[Result "1/2-1/2"]
[ECO "A05"]
[WhiteElo "2575"]
[BlackElo "2490"]
[Annotator "RC"]
[PlyCount "91"]
[EventDate "2022.06.09"]
[EventType "team-tourn"]
[EventCountry "FRA"]
[SourceTitle "playchess.com"]
[Source "ChessBase"]
[SourceQuality "1"]
[TimeControl "40/5400+30:1800+30"]

1. Nf3 Nf6 2. g3 b6 3. Bg2 Bb7 4. O-O g6 5. d3 d6 6. e4 c5 7. Nh4 Nc6 8. c3 Bg7 9. d4 e6 10. d5 exd5 11. exd5 Ne7 12. c4 O-O 13. Nc3 h6 14. f4 Bc8 15. h3 h5 16. Kh2 Nf5 17. Nf3 Re8 18. Qd3 Nd4 19. Nxd4 cxd4 20. Nb5 Bf5 21. Qd1 d3 22. Nd4 Be4 23. Nc6 Qd7 24. Bxe4 Rxe4 25. Qxd3 Rae8 26. f5 h4 27. gxh4 Re2+ 28. Kg1 Nh5 29. Bd2 R8e4 30. Rae1 Qe8 31. Rxe2 Rxe2 32. b4 Bf6 33. fxg6 fxg6 34. Rf3 Kh7 35. Re3 Rxe3 36. Qxe3 Qf8 37. Nd4 Bxd4 38. Qxd4 Qf3 39. Bc3 Kg8 40. b5 Qxh3 41. a4 Kf7 42. a5 Qg3+ 43. Kf1 Nf4 44. Qg7+ Ke8 45. Qg8+ Ke7 46. Qg7+ 1/2-1/2

[Event "FRA-ch Teams Top 16-A 2022"]
[Site "Chartres"]
[Date "2022.06.14"]
[Round "6.23"]
[White "Guliyev, Namig"]
[Black "David, Alberto"]
[Result "1/2-1/2"]
[ECO "B44"]
[WhiteElo "2547"]
[BlackElo "2520"]
[Annotator "RC"]
[PlyCount "31"]
[EventDate "2022.06.09"]
[EventType "team-tourn"]
[EventCountry "FRA"]
[SourceTitle "playchess.com"]
[Source "ChessBase"]
[SourceQuality "1"]
[TimeControl "40/5400+30:1800+30"]

1. e4 c5 2. Nf3 e6 3. d4 cxd4 4. Nxd4 Nc6 5. Nb5 d6 6. c4 Nf6 7. N1c3 a6 8. Nd4 Bd7 9. Be3 Be7 10. Be2 Rc8 11. Rc1 Ne5 12. b3 Qa5 13. Bd2 Qc5 14. Be3 Qa5 15. Bd2 Qc5 16. Be3 1/2-1/2

[Event "FRA-ch Teams Top 16-A 2022"]
[Site "Chartres"]
[Date "2022.06.14"]
[Round "6.24"]
[White "Alexieva, Silvia"]
[Black "Martsynovskaya, Marina"]
[Result "0-1"]
[ECO "A14"]
[WhiteElo "2219"]
[BlackElo "2070"]
[Annotator "NA RC"]
[PlyCount "78"]
[EventDate "2022.06.09"]
[EventType "team-tourn"]
[EventCountry "FRA"]
[SourceTitle "playchess.com"]
[Source "ChessBase"]
[SourceQuality "1"]
[TimeControl "40/5400+30:1800+30"]

1. c4 e6 2. Nf3 d5 3. g3 Nf6 4. Bg2 a6 5. b3 c5 6. O-O Nc6 7. e3 Be7 8. Bb2 O-O 9. Qe2 Qc7 10. Rc1 b6 11. cxd5 Nxd5 12. e4 Nf6 13. e5 Nd5 14. d3 Rd8 15. a3 Bb7 16. Nbd2 a5 17. h4 a4 18. bxa4 Rxa4 19. Rc4 Rda8 20. Ne4 b5 21. Rxa4 Rxa4 22. Qc2 Na5 23. h5 h6 24. Rc1 c4 25. Nd4 Qb6 26. Nd6 Bxd6 27. exd6 c3 28. Bxd5 cxb2 29. Qxb2 Rxd4 30. Bxb7 Nxb7 31. Rc8+ Kh7 32. Rb8 Rxd6 33. Qb4 Rd5 34. d4 Rd8 35. Rxd8 Nxd8 36. a4 Nc6 37. Qf8 bxa4 38. Qxf7 Qb1+ 39. Kh2 a3 0-1

[Event "FRA-ch Teams Top 16-A 2022"]
[Site "Chartres"]
[Date "2022.06.14"]
[Round "6.25"]
[White "Sochacki, Christophe"]
[Black "Naiditsch, Arkadij"]
[Result "0-1"]
[ECO "D01"]
[WhiteElo "2493"]
[BlackElo "2654"]
[Annotator "RC"]
[PlyCount "114"]
[EventDate "2022.06.09"]
[EventType "team-tourn"]
[EventCountry "FRA"]
[SourceTitle "playchess.com"]
[Source "ChessBase"]
[SourceQuality "1"]
[TimeControl "40/5400+30:1800+30"]

1. d4 Nf6 2. Bg5 e6 3. Nc3 h6 4. Bh4 d5 5. e4 g5 6. Bg3 Nxe4 7. Nxe4 dxe4 8. h4 Bd6 9. Bxd6 cxd6 10. Qg4 Nc6 11. Qxe4 d5 12. Qe3 g4 13. O-O-O Bd7 14. f3 Rc8 15. Ne2 Qa5 16. Nc3 Rg8 17. fxg4 Nb4 18. Kb1 Nxc2 19. Qxh6 Rxc3 20. Qd2 Na3+ 21. Ka1 Nc2+ 22. Kb1 Na3+ 23. Ka1 Ba4 24. Rh3 Nc2+ 25. Kb1 Nb4 26. Rxc3 Bc2+ 27. Kc1 Qxa2 28. Qe2 Qb1+ 29. Kd2 Qxb2 30. Rxc2 Qxc2+ 31. Ke1 Qc3+ 32. Kf2 Nc6 33. Rd3 Qb4 34. g5 Nxd4 35. Qg4 Nc6 36. Qxb4 Nxb4 37. Rb3 a5 38. Rc3 Kd7 39. Bb5+ Kd6 40. Rf3 Ke7 41. g4 Nc6 42. Ra3 Ra8 43. h5 Nd4 44. Bd3 b5 45. h6 a4 46. h7 e5 47. Rc3 e4 48. Rc7+ Ke6 49. Bf1 a3 50. Ra7 Rh8 51. Ke3 Ke5 52. Re7+ Ne6 53. Rxf7 a2 54. Ra7 Rxh7 55. Rxa2 d4+ 56. Kf2 Rh2+ 57. Bg2 Nf4 0-1

[Event "FRA-ch Teams Top 16-A 2022"]
[Site "Chartres"]
[Date "2022.06.14"]
[Round "6.26"]
[White "Ragger, Markus"]
[Black "Saatdjian, Thomas"]
[Result "1/2-1/2"]
[ECO "B53"]
[WhiteElo "2636"]
[BlackElo "2271"]
[Annotator "RC"]
[PlyCount "150"]
[EventDate "2022.06.09"]
[EventType "team-tourn"]
[EventCountry "FRA"]
[SourceTitle "playchess.com"]
[Source "ChessBase"]
[SourceQuality "1"]
[TimeControl "40/5400+30:1800+30"]

1. e4 c5 2. Nf3 d6 3. d4 cxd4 4. Qxd4 Nc6 5. Qe3 Nf6 6. Be2 g6 7. O-O Bg7 8. h3 O-O 9. Rd1 Nd7 10. Nc3 b6 11. Qf4 Nde5 12. Nxe5 Bxe5 13. Qh4 Bf6 14. Bg5 Bxg5 15. Qxg5 Be6 16. f4 f6 17. Qg3 Qc8 18. Nd5 Kh8 19. c3 Qb7 20. Bf3 Rac8 21. Qh4 b5 22. b3 a5 23. Rab1 Qa7+ 24. Qf2 Qxf2+ 25. Kxf2 b4 26. c4 g5 27. Rbc1 gxf4 28. Nxf4 Bf7 29. Bg4 Ra8 30. Be6 Kg7 31. Bd5 Ra6 32. c5 dxc5 33. Rxc5 Ne5 34. Rc7 Re8 35. Rd4 Kf8 36. Bxf7 Kxf7 37. Ke3 Rea8 38. Nd3 Nxd3 39. Rxd3 a4 40. Rb7 axb3 41. axb3 Ra2 42. Rdd7 Re8 43. Kf3 Ke6 44. Rdc7 Kd6 45. Rc4 Rg8 46. g4 h5 47. Rb6+ Kd7 48. Rb7+ Ke6 49. Rc6+ Kf7 50. Rcc7 hxg4+ 51. hxg4 Re8 52. Rxb4 Rd8 53. e5 fxe5 54. g5 Rd3+ 55. Ke4 Rg3 56. Rbb7 Rxg5 57. Rxe7+ Kf6 58. Rf7+ Ke6 59. Rfe7+ Kf6 60. Rf7+ Ke6 61. Rh7 Rg4+ 62. Kf3 Rf4+ 63. Ke3 Rb2 64. Rh6+ Kf5 65. Rh5+ Kg4 66. Rxe5 Rf3+ 67. Ke4 Rbxb3 68. Rg7+ Kh4 69. Rh7+ Kg4 70. Rg7+ Kh4 71. Kd4 Rbd3+ 72. Kc5 Rc3+ 73. Kd6 Rcd3+ 74. Ke6 Rde3 75. Rxe3 Rxe3+ 1/2-1/2

[Event "FRA-ch Teams Top 16-A 2022"]
[Site "Chartres"]
[Date "2022.06.14"]
[Round "6.27"]
[White "Sochacki, Wojtek"]
[Black "Maze, Sebastien"]
[Result "0-1"]
[ECO "B11"]
[WhiteElo "2324"]
[BlackElo "2519"]
[Annotator "RC"]
[PlyCount "46"]
[EventDate "2022.06.09"]
[EventType "team-tourn"]
[EventCountry "FRA"]
[SourceTitle "playchess.com"]
[Source "ChessBase"]
[SourceQuality "1"]
[TimeControl "40/5400+30:1800+30"]

1. e4 c6 2. Nf3 d5 3. Nc3 Bg4 4. h3 Bxf3 5. Qxf3 e6 6. Be2 g6 7. O-O Bg7 8. d3 Nd7 9. Re1 Ne7 10. Bf1 O-O 11. Bg5 Re8 12. Qe2 h6 13. Bd2 a5 14. a4 Qb6 15. Kh1 Nc5 16. Reb1 Rad8 17. Qe1 Qc7 18. b4 axb4 19. Rxb4 Ra8 20. Qe3 Qa5 21. Rab1 Na6 22. R4b3 d4 23. Nd5 exd5 0-1

[Event "FRA-ch Teams Top 16-A 2022"]
[Site "Chartres"]
[Date "2022.06.14"]
[Round "6.28"]
[White "Fressinet, Laurent"]
[Black "Cantin, Loic"]
[Result "1-0"]
[ECO "A46"]
[WhiteElo "2630"]
[BlackElo "2199"]
[Annotator "RC"]
[PlyCount "53"]
[EventDate "2022.06.09"]
[EventType "team-tourn"]
[EventCountry "FRA"]
[SourceTitle "playchess.com"]
[Source "ChessBase"]
[SourceQuality "1"]
[TimeControl "40/5400+30:1800+30"]

1. d4 Nf6 2. Nf3 d6 3. g3 Bf5 4. Bg2 Qc8 5. h3 g6 6. g4 Bd7 7. Nc3 Bg7 8. e4 O-O 9. e5 Ne8 10. Bf4 f6 11. Bg3 Nc6 12. e6 Bxe6 13. d5 Bd7 14. dxc6 bxc6 15. Nd4 Kh8 16. O-O d5 17. f4 Nd6 18. f5 Nc4 19. Qe2 Bh6 20. Bf4 Bxf4 21. Rxf4 Re8 22. Nxc6 Qb7 23. Nxd5 Qxb2 24. Re1 Nd6 25. Ndxe7 g5 26. Rff1 Nc8 27. Qf2 1-0

[Event "FRA-ch Teams Top 16-A 2022"]
[Site "Chartres"]
[Date "2022.06.14"]
[Round "6.29"]
[White "Eden, James"]
[Black "Bellahcene, Bilel"]
[Result "0-1"]
[ECO "C17"]
[WhiteElo "2273"]
[BlackElo "2521"]
[Annotator "RC"]
[PlyCount "114"]
[EventDate "2022.06.09"]
[EventType "team-tourn"]
[EventCountry "FRA"]
[SourceTitle "playchess.com"]
[Source "ChessBase"]
[SourceQuality "1"]
[TimeControl "40/5400+30:1800+30"]

1. e4 e6 2. d4 d5 3. Nc3 Bb4 4. e5 c5 5. Bd2 Ne7 6. Nb5 Bxd2+ 7. Qxd2 O-O 8. f4 a6 9. Nc3 cxd4 10. Nce2 Nbc6 11. Nf3 Nf5 12. Nexd4 Nfxd4 13. Nxd4 f6 14. Nf3 fxe5 15. fxe5 Qc7 16. Qc3 Rf4 17. Bd3 Bd7 18. O-O-O Raf8 19. Rhf1 Qd8 20. Qe1 Nb4 21. Kb1 Nxd3 22. cxd3 Be8 23. Qe3 d4 24. Qe2 Bh5 25. Rf2 Qd5 26. Rdf1 h6 27. h3 a5 28. b3 Bg6 29. Kb2 R4f7 30. Qc2 b5 31. Qd2 b4 32. Qc2 Bh5 33. Qe2 Bxf3 34. Rxf3 Rxf3 35. Rxf3 Rc8 36. Rf1 a4 37. bxa4 Qc6 38. Kb1 Qxa4 39. Rc1 Rc3 40. Rxc3 bxc3 41. Kc1 Qa3+ 42. Kd1 Qa4+ 43. Kc1 Qb5 44. g4 g5 45. Qc2 Qxe5 46. a4 Kf7 47. Qg2 Qb8 48. Qc2 Ke7 49. a5 Qe5 50. Qg2 Qb5 51. Qa2 Qxd3 52. a6 Qe3+ 53. Kc2 Qe2+ 54. Kb3 c2 55. Qa3+ Kf7 56. Qc5 c1=Q 57. Qxc1 Qb5+ 0-1

[Event "FRA-ch Teams Top 16-A 2022"]
[Site "Chartres"]
[Date "2022.06.14"]
[Round "6.30"]
[White "Rodshtein, Maxim"]
[Black "Da Silva, Quentin"]
[Result "1-0"]
[ECO "E90"]
[WhiteElo "2588"]
[BlackElo "2171"]
[Annotator "RC"]
[PlyCount "67"]
[EventDate "2022.06.09"]
[EventType "team-tourn"]
[EventCountry "FRA"]
[SourceTitle "playchess.com"]
[Source "ChessBase"]
[SourceQuality "1"]
[TimeControl "40/5400+30:1800+30"]

1. d4 Nf6 2. c4 g6 3. Nc3 Bg7 4. e4 d6 5. h3 O-O 6. Be3 e5 7. d5 Na6 8. Nf3 Nh5 9. g3 f5 10. exf5 gxf5 11. Ng5 Nf6 12. Qd2 h6 13. Nf3 Kh7 14. O-O-O b6 15. Be2 Nc5 16. Qc2 Nfe4 17. Nxe4 Nxe4 18. g4 Nc5 19. Rhg1 e4 20. gxf5 Bxf5 21. Nd4 Qf6 22. Nxf5 Qxf5 23. b4 Nb7 24. Bg4 Qe5 25. Bd4 Qf4+ 26. Be3 Qe5 27. Be6 Bf6 28. Rd4 a5 29. Rxe4 Qa1+ 30. Kd2 Qb2 31. Bf5+ Kh8 32. Qxb2 Bxb2 33. Rh4 Rf6 34. Bxh6 1-0

[Event "FRA-ch Teams Top 16-A 2022"]
[Site "Chartres"]
[Date "2022.06.14"]
[Round "6.31"]
[White "Caille, Hugo"]
[Black "Le Roux, Jean-Pierre"]
[Result "0-1"]
[ECO "B08"]
[WhiteElo "2177"]
[BlackElo "2513"]
[Annotator "RC"]
[PlyCount "102"]
[EventDate "2022.06.09"]
[EventType "team-tourn"]
[EventCountry "FRA"]
[SourceTitle "playchess.com"]
[Source "ChessBase"]
[SourceQuality "1"]
[TimeControl "40/5400+30:1800+30"]

1. Nf3 g6 2. e4 Bg7 3. d4 d6 4. Nc3 Nf6 5. Be2 O-O 6. O-O a6 7. a4 c6 8. h3 Qc7 9. a5 Nbd7 10. Be3 Rb8 11. Qc1 b5 12. axb6 Rxb6 13. d5 Rb4 14. Bxa6 Nxe4 15. Nxe4 Rxe4 16. Bd3 Rb4 17. c3 Rb8 18. dxc6 Qxc6 19. Nd4 Qb7 20. b4 Ne5 21. Be2 Bd7 22. f4 Nc6 23. Bf3 Nxd4 24. Bxd4 Bxd4+ 25. cxd4 Qxb4 26. Qe3 Rfe8 27. Ra7 Be6 28. d5 Bf5 29. g4 Bc2 30. Rf2 Rbc8 31. Rxe7 Ba4 32. f5 Rxe7 33. Qxe7 Qf4 34. Kg2 Re8 35. Qf6 Bb3 36. h4 Re3 37. Qd8+ Kg7 38. f6+ Qxf6 39. Qxf6+ Kxf6 40. Bd1+ Ke7 41. Bxb3 Rxb3 42. Re2+ Kf8 43. Ra2 Rd3 44. Ra5 h6 45. Kf2 g5 46. h5 Ke7 47. Ke2 Rd4 48. Ke3 Rxg4 49. Ra7+ Kf6 50. Rd7 Ke5 51. Rxf7 Rh4 0-1

[Event "FRA-ch Teams Top 16-A 2022"]
[Site "Chartres"]
[Date "2022.06.14"]
[Round "6.32"]
[White "Maisuradze, Nino"]
[Black "Afraoui, Solenn"]
[Result "1-0"]
[ECO "B23"]
[WhiteElo "2207"]
[BlackElo "1945"]
[Annotator "NA RC"]
[PlyCount "111"]
[EventDate "2022.06.09"]
[EventType "team-tourn"]
[EventCountry "FRA"]
[SourceTitle "playchess.com"]
[Source "ChessBase"]
[SourceQuality "1"]
[TimeControl "40/5400+30:1800+30"]

1. e4 c5 2. Nc3 a6 3. g3 b5 4. Bg2 Bb7 5. d3 e6 6. Nh3 Nf6 7. O-O d6 8. f4 b4 9. Nb1 Be7 10. Be3 Nc6 11. Nd2 Nd7 12. Nc4 Nb6 13. Nxb6 Qxb6 14. a3 a5 15. axb4 axb4 16. Rxa8+ Bxa8 17. f5 e5 18. Qg4 Bf6 19. Qh5 Qd8 20. g4 g6 21. Qh6 Kd7 22. g5 Be7 23. fxg6 fxg6 24. Rf7 Qg8 25. Rf2 Kc7 26. b3 Bb7 27. Rf1 Bc8 28. Nf2 Qf8 29. Qh4 Qg7 30. Ng4 Bxg4 31. Qxg4 Rf8 32. Ra1 Qg8 33. h4 Ra8 34. Rf1 Rf8 35. Rc1 Qf7 36. Ra1 Qg8 37. Bh3 Rd8 38. Rf1 Kb6 39. Qe6 Qxe6 40. Bxe6 Re8 41. Bd5 Nd8 42. Kg2 Rh8 43. Kg3 Kc7 44. h5 Kd7 45. Rh1 Rf8 46. hxg6 hxg6 47. Rh6 Ne6 48. Rxg6 Nf4 49. Bxf4 Rxf4 50. Rg7 Ke8 51. g6 Bf8 52. Bc6+ Kd8 53. Rd7+ Kc8 54. g7 Bxg7 55. Rxg7 Rf1 56. Rd7 1-0

[Event "FRA-ch Teams Top 16-A 2022"]
[Site "Chartres"]
[Date "2022.06.15"]
[Round "7.1"]
[White "Bacrot, Etienne"]
[Black "Parligras, Mircea-Emilian"]
[Result "1-0"]
[ECO "C67"]
[WhiteElo "2638"]
[BlackElo "2583"]
[Annotator "TA"]
[PlyCount "91"]
[EventDate "2022.06.09"]
[EventType "team-tourn"]
[EventCountry "FRA"]
[SourceTitle "playchess.com"]
[Source "ChessBase"]
[SourceQuality "1"]
[TimeControl "40/5400+30:1800+30"]

1. e4 e5 2. Nf3 Nc6 3. Bb5 Nf6 4. O-O Nxe4 5. d4 Nd6 6. Bxc6 dxc6 7. dxe5 Nf5 8. Qxd8+ Kxd8 9. h3 Ke8 10. Nc3 h5 {[%emt 0:00:11] C67: Ruy Lopez: Berlin Defence: 4 0-0 Nxe4.} 11. Bf4 Be7 12. Rad1 Be6 {[%emt 0:00:10] The position is equal.} 13. Ng5 Rh6 14. Rfe1 Bb4 15. a3 {[%emt 0:00:32] 15.g4 is not played anymore.} Bxc3 16. bxc3 Ne7 {[%emt 0:10:20] [#]} 17. Ne4 $1 $146 {[%emt 0:13:36][%mdl 8] A relevant novelty.} (17. Nf3 $5 Rh8 18. Nd4 $11) ({Predecessor:} 17. Nf3 Rh8 18. Nd4 Nd5 19. Bg5 Nxc3 20. Rd3 Na4 21. f4 Nc5 22. Rc3 Na4 23. Rg3 {½-½ (43) Topalov,V (2749)-Radjabov,T (2748) Shamkir 2018}) 17... Rg6 18. h4 Bd5 19. Ng3 Rg4 20. Bg5 g6 21. Rd4 Rxd4 22. cxd4 a5 23. f3 b5 24. c3 Be6 25. Bxe7 (25. Ne4 $5 ) 25... Kxe7 $14 {[%emt 0:00:03][%mdl 4096] Endgame KRB-KRN} 26. Ne4 b4 27. cxb4 axb4 28. axb4 Rb8 29. Rb1 Rd8 30. Rd1 Rb8 31. Kf2 Rxb4 32. Ke3 Bf5 (32... Bd5 $11 {remains equal.}) 33. Rc1 (33. Nf6 $1 $16) 33... Bxe4 34. Kxe4 {[%emt 0:00:40] KR-KR} Kd7 35. g4 hxg4 $1 36. fxg4 {[%emt 0:00:23][%cal Bf3g4,Bg4h5,Bh5h6][%mdl 32] aiming for h5.} Rb2 {[%emt 0:00:06] [#]} 37. Rh1 (37. Kf4 $1 $16) 37... Ke7 $2 {[%emt 0:01:06][%mdl 8192] [#] A mistake that costs the game.} (37... c5 $11) 38. h5 $1 $18 gxh5 39. gxh5 {[%emt 0:00:04] h6 would kill now.} Kf8 40. h6 {[%emt 0:07:25] White wants to mate with h7.} Kg8 41. Rc1 Rb6 42. Rg1+ Kh7 43. Rg7+ Kxh6 44. Rxf7 Rb7 45. Kf5 Rb1 46. Rf6+ {[%emt 0:00:00] Weighted Error Value: White=0.13 (very precise) /Black=0.61} 1-0

[Event "FRA-ch Teams Top 16-A 2022"]
[Site "Chartres"]
[Date "2022.06.15"]
[Round "7.2"]
[White "Abasov, Nijat"]
[Black "Ragger, Markus"]
[Result "1/2-1/2"]
[WhiteElo "2635"]
[BlackElo "2636"]
[Annotator "TA"]
[PlyCount "33"]
[EventDate "2022.06.09"]
[EventType "team-tourn"]
[EventCountry "FRA"]
[SourceTitle "playchess.com"]
[Source "ChessBase"]
[SourceQuality "1"]
[TimeControl "40/5400+30:1800+30"]

1. d4 Nf6 2. c4 g6 3. Nc3 d5 4. Bf4 Bg7 5. e3 c5 6. dxc5 Qa5 7. Rc1 O-O 8. cxd5 {[%emt 0:06:07] D83: Grünfeld: 4 Bf4 Bg7 5 e3 0-0.} Nbd7 $1 {[%emt 0:01:05][%mdl 4] is now more promising than 8...Ne4.} 9. Nf3 {[%emt 0:24:16] [#]} (9. f3 $14) {Predecessor:} 9... Ne4 $146 10. Be2 Nxc3 11. bxc3 Nxc5 12. Be5 Bxe5 13. Nxe5 Qxa2 14. O-O Qa5 15. Bc4 Nd7 16. f4 Nxe5 17. fxe5 {½-½ (32) Korchmar,V (2424)-Michalik,P (2573) Riga 2019} 1/2-1/2

[Event "FRA-ch Teams Top 16-A 2022"]
[Site "Chartres"]
[Date "2022.06.15"]
[Round "7.3"]
[White "Rodshtein, Maxim"]
[Black "Nanu, Costica-Ciprian"]
[Result "1/2-1/2"]
[ECO "D12"]
[WhiteElo "2588"]
[BlackElo "2520"]
[Annotator "TA"]
[PlyCount "60"]
[EventDate "2022.06.09"]
[EventType "team-tourn"]
[EventCountry "FRA"]
[SourceTitle "playchess.com"]
[Source "ChessBase"]
[SourceQuality "1"]
[TimeControl "40/5400+30:1800+30"]

1. d4 d5 2. Nf3 Nf6 3. c4 c6 4. e3 Bf5 5. Nc3 e6 6. Nh4 Be4 7. f3 Bg6 8. Qb3 Qc7 9. Bd2 {[%emt 0:00:35] D12: Slav Defence: 3 Nf3 Nf6 4 e3 Bf5.} Be7 10. Nxg6 hxg6 11. O-O-O {[%emt 0:00:13] White is slightly better.} dxc4 12. Qxc4 Nbd7 {[%emt 0:03:01] [#]} 13. e4 $146 ({Predecessor:} 13. h3 a5 14. e4 O-O 15. Kb1 Rfc8 16. Rc1 Qd8 17. g4 b5 18. Qe2 Nb6 19. e5 {1-0 (57) Roselli Mailhe,B (2430)-Sosa,N (2078) St Croix 2018}) 13... Nb6 14. Qb3 Rd8 15. Ne2 Nfd7 ({Resist} 15... Rxh2 16. Bf4 Qxf4+ 17. Nxf4 $16) (15... e5 $11 {was preferrable.}) 16. Kb1 e5 $1 17. dxe5 Nxe5 18. Nc1 g5 19. Be2 c5 20. Bc3 Rxd1 21. Rxd1 O-O $1 22. g3 (22. a4 {looks sharper.} Nc6 23. g3 Rd8 24. a5) 22... Nc6 23. Qc2 Rd8 24. Rxd8+ Qxd8 25. Qd1 Qc7 26. Nd3 Nd7 27. Ne1 Bf6 28. Bxf6 Nxf6 29. Nc2 Qe5 30. Ne1 {[%emt 0:00:30] [#]} (30. Qd3 $11) 30... Qc7 {[%emt 0:24:06] Weighted Error Value: White=0.17 (very precise) /Black=0.03 (flawless)} (30... g4 $1 $17 31. Bd3 (31. Nd3 Qd4 $17) 31... Qe6) 1/2-1/2